Map: Orbital Shipyard

Players

coman

  • Race: Terran Terran
  • League: Diamond

LilDicky - Winner!

  • Race: Terran Terran
  • League: Diamond

VOD

http://www.twitch.tv/tumescentpie

Description

Time

  • Played on: Dec. 2, 2015, 10:25 p.m.
  • Length: 17:43
Show
View Real Time Build Order
Export as new Build Order

coman Terran 

Build Orders:  

Get SALT Encoding   

  12  0:01  SCV  
  13  0:13  SCV  
  14  0:19  Supply Depot  
  14  0:25  SCV  
  15  0:41  SCV  
  16  0:46  Barracks  
  16  0:53  SCV  
  17  1:05  SCV  
  18  1:17  SCV  
  19  1:23  Command Center  
  20  1:36  Orbital Command  
  20  1:38  Marine  
  20  1:41  Refinery  
  20  1:44  Supply Depot  
  20  1:55  Command Center  
  20  2:06  SCV  
  21  2:14  Marine  
  22  2:22  Refinery  
  22  2:24  SCV  
  23  2:32  Marine  
  24  2:38  SCV  
  25  2:50  SCV, Factory  
  26  2:52  Marine  
  27  3:02  SCV  
  27  3:03  Command Center  
  28  3:09  Orbital Command  
  28  3:14  SCV  
  29  3:26  SCV  
  30  3:32  Barracks Reactor  
  30  3:33  Factory Tech Lab, Factory  
  30  3:35  SCV  
  30  3:39  SCV  
  32  3:42  Engineering Bay  
  32  3:47  SCV  
  33  3:51  SCV  
  34  3:57  Refinery  
  34  3:59  SCV  
  34  4:00  Refinery  
  35  4:03  Cyclone  
  35  4:04  SCV  
  39  4:11  SCV  
  39  4:13  Missile Turret  
  39  4:16  SCV  
  41  4:18  Missile Turret  
  41  4:32  SCV, Missile Turret, Widow Mine  
  41  4:33  Widow Mine  
  41  4:34  SCV  
  41  4:37  SCV  
  48  4:43  Cyclone  
  51  4:53  SCV  
  51  4:57  SCV  
  51  4:58  SCV  
  54  5:05  SCV  
  55  5:09  SCV  
  56  5:16  SCV  
  56  5:17  SCV, Siege Tank  
  61  5:24  SCV, Hellion x2, Supply Depot  
  65  5:29  SCV  
  66  5:42  Missile Turret  
  66  5:48  Starport  
  66  5:49  SCV, Starport x2  
  69  5:50  Hellion x2, Siege Tank  
  71  6:15  SCV x2  
  70  6:22  Marine  
  70  6:23  Cyclone  
  74  6:27  SCV  
  74  6:28  SCV  
  67  6:40  Marine  
  62  6:51  Viking  
  62  6:52  Viking x2  
  64  6:58  Marine  
  64  7:01  SCV x3  
  66  7:09  Missile Turret  
  66  7:11  Siege Tank  
  66  7:12  Hellion  
  66  7:13  SCV x3, Hellion  
  76  7:21  Viking  
  76  7:23  Viking  
  76  7:24  Viking  
  76  7:25  SCV x2  
  72  7:33  SCV  
  70  7:39  SCV  
  70  7:40  SCV  
  70  7:45  SCV  
  71  7:52  SCV x2  
  73  8:02  Planetary Fortress  
  73  8:04  SCV x2  
  74  8:06  Missile Turret  
  74  8:07  Missile Turret x2  
  74  8:08  Starport Tech Lab x3  
  74  8:10  Factory Tech Lab  
  74  8:16  SCV x2  
  76  8:27  Refinery  
  76  8:28  SCV, Refinery  
  77  8:36  Missile Turret  
  77  8:56  SCV  
  77  9:02  SCV x2  
  77  9:16  Banshee  
  75  9:18  SCV  
  75  9:27  Supply Depot x2, Siege Tank, Banshee x2  
  75  9:29  Supply Depot  
  82  9:45  Cloaking Field  
  80  9:55  Missile Turret  
  80  9:59  Cyclone  
  75  10:11  SCV x2  
  77  10:16  Viking x3  
  80  10:23  SCV  
  80  10:28  Hellion x2  
  82  10:31  Hellion  
  82  10:35  Missile Turret  
  82  10:53  Siege Tank  
  82  11:03  SCV x3  
  85  11:15  SCV x3  
  87  11:25  Siege Tank  
  90  11:27  SCV  
  88  11:35  Missile Turret  
  88  11:36  Missile Turret  
  88  11:52  SCV x2  
  86  11:57  Banshee x2, Refinery  
  86  11:58  Banshee  
  95  12:15  Siege Tank  
  92  12:30  Missile Turret  
  92  12:31  Command Center  
  92  12:34  Hellion x2  
  96  12:40  Banshee  
  96  12:42  Armory  
  99  12:47  Siege Tank  
  102  12:55  Hellion  
  104  12:59  Fusion Core  
  103  13:19  Hellion  
  100  13:24  Missile Turret x2  
  100  13:26  Missile Turret  
  100  13:41  Hellion  
  97  13:51  SCV  
  97  13:52  SCV  
  99  14:02  Siege Tank  
  93  14:11  Banshee x2  
  93  14:12  Banshee  
  96  14:34  Hellion  
  83  14:54  Banshee x3  
  83  14:55  Siege Tank  
  83  14:58  Planetary Fortress, Starport  
  83  14:59  Starport  
  82  15:11  SCV  
  83  15:23  Missile Turret  
  83  15:25  Missile Turret  
  86  15:36  Liberator  
  86  15:37  Viking x2  
  86  15:49  SCV x2  
  89  15:50  SCV, Liberator  
  89  15:55  Thor  
  95  16:03  SCV x3  
  95  16:15  SCV x3  
  75  17:11  Missile Turret  
  75  17:12  Missile Turret  
  70  17:20  Hellion x2  
Show
View Real Time Build Order
Export as new Build Order

LilDicky Terran - Winner!

Build Orders: Banshee Rush 

Get SALT Encoding   

  12  0:01  SCV  
  13  0:13  SCV  
  14  0:18  Supply Depot  
  14  0:25  SCV  
  14  0:28  Refinery  
  15  0:42  Barracks  
  15  0:47  SCV  
  16  0:59  SCV  
  18  1:11  SCV  
  18  1:25  SCV  
  19  1:30  Reaper  
  19  1:31  Supply Depot  
  20  1:35  Refinery  
  20  1:37  Orbital Command  
  19  2:07  Marine  
  20  2:09  Factory  
  20  2:10  SCV  
  20  2:14  Supply Depot  
  21  2:22  SCV  
  22  2:25  Marine  
  23  2:41  SCV  
  23  2:43  Marine  
  25  2:50  Command Center  
  25  2:53  SCV  
  25  2:54  Factory Tech Lab  
  26  3:03  Starport  
  26  3:09  SCV, Marine  
  28  3:22  Supply Depot  
  27  3:27  Marine  
  27  3:32  Widow Mine  
  30  3:34  SCV  
  31  3:45  Marine  
  31  3:46  Barracks  
  34  3:52  SCV  
  34  3:55  Banshee, Cloaking Field  
  36  4:03  Engineering Bay  
  36  4:05  Orbital Command  
  36  4:07  SCV  
  37  4:11  Factory Tech Lab  
  37  4:12  Marine  
  38  4:20  SCV  
  39  4:30  Barracks Reactor  
  39  4:31  Siege Tank  
  39  4:32  SCV  
  39  4:36  Missile Turret  
  39  4:37  SCV  
  44  4:43  Banshee  
  44  4:44  SCV  
  49  4:52  SCV  
  49  4:56  SCV  
  50  5:03  Supply Depot, Siege Tank  
  50  5:05  SCV  
  50  5:06  Marine  
  55  5:07  Missile Turret, Marine  
  55  5:08  SCV  
  57  5:17  SCV  
  55  5:29  Marine  
  55  5:31  Banshee  
  55  5:32  SCV  
  60  5:35  Siege Tank  
  60  5:41  SCV  
  64  5:45  SCV  
  64  5:48  Marine x2  
  67  5:54  SCV  
  67  5:55  Command Center, Refinery x2  
  68  5:57  SCV  
  68  6:01  Starport  
  69  6:06  Marine  
  70  6:32  Siege Tank  
  57  7:04  Marine x2  
  57  7:05  Siege Tank  
  57  7:06  Starport Reactor  
  62  7:08  SCV x2  
  62  7:09  Factory, Orbital Command  
  64  7:20  SCV  
  64  7:21  SCV  
  64  7:22  Marine  
  62  7:32  Command Center  
  62  7:33  SCV x2  
  65  7:37  Siege Tank  
  65  7:43  Marine x2  
  64  7:45  SCV  
  64  7:46  Viking  
  64  7:47  Viking x2  
  68  8:00  Marine  
  68  8:01  Factory Tech Lab, Marine  
  69  8:06  SCV x3  
  69  8:07  Refinery  
  69  8:09  Siege Tank  
  75  8:16  Viking, Refinery  
  75  8:18  SCV x3  
  80  8:22  Banshee  
  83  8:30  SCV  
  84  8:44  Siege Tank  
  84  8:48  Viking x2, Siege Tank  
  90  8:50  Orbital Command  
  90  8:51  Supply Depot  
  80  9:25  SCV x2  
  80  9:27  Siege Tank  
  80  9:30  Siege Tank  
  87  9:31  Viking  
  87  9:35  SCV  
  87  9:36  SCV  
  87  9:37  SCV  
  90  9:55  SCV  
  90  9:56  SCV  
  89  10:03  SCV x2  
  91  10:08  SCV, Marine x2  
  91  10:09  Siege Tank  
  97  10:16  Barracks  
  97  10:18  Barracks x2  
  97  10:20  Barracks  
  97  10:21  Command Center, Barracks  
  97  10:25  Marine  
  98  10:39  Marine  
  93  10:43  Marine  
  94  10:54  Siege Tank  
  94  10:57  Marine  
  94  10:59  Missile Turret  
  94  11:01  Marine  
  94  11:13  SCV  
  94  11:14  SCV  
  94  11:15  Siege Tank  
  91  11:35  Siege Tank  
  83  12:17  SCV  
  83  12:18  SCV x2  
  83  12:19  Planetary Fortress  
  83  12:21  SCV  
  87  12:23  Marine x5  
  87  12:24  Siege Tank x2, Marine x2  
  87  12:27  Refinery  
  87  12:29  SCV  
  97  12:30  SCV x2  
  99  13:00  Marine  
  99  13:02  Command Center  
  99  13:05  Siege Tank x2  
  100  13:14  Command Center  
  100  13:17  Command Center, Banshee  
  100  13:19  Command Center  
  102  13:23  Command Center x2  
  96  13:27  Command Center  
  96  13:31  Command Center  
  96  13:37  Siege Tank x2  
  98  13:43  Missile Turret  
  98  13:44  Missile Turret  
  98  13:45  Missile Turret  
  98  13:46  Missile Turret x2  
  98  13:49  Marine x7  
  98  13:50  Missile Turret x3  
  98  13:51  Viking x2  
  106  13:57  Missile Turret  
  106  14:00  Banshee  
  105  14:09  Hellion x2  
  109  14:13  Refinery x2  
  109  14:15  SCV  
  109  14:16  SCV x3, Refinery x2  
  113  14:17  SCV  
  113  14:22  Factory  
  114  14:26  Marine  
  114  14:27  SCV, Marine x5  
  114  14:30  Siege Tank  
  114  14:31  Siege Tank  
  118  14:42  Banshee  
  121  14:48  Missile Turret  
  121  14:51  Orbital Command  
  121  14:54  Orbital Command  
  121  14:55  Missile Turret  
  109  15:02  Siege Tank  
  109  15:03  Siege Tank  
  110  15:09  Refinery  
  110  15:13  Orbital Command  
  110  15:15  Refinery, Orbital Command  
  110  15:17  Orbital Command  
  110  15:19  Refinery  
  107  15:31  Widow Mine  
  107  15:34  Banshee, Siege Tank  
  115  15:38  Siege Tank  
  108  15:50  Viking x2  
  112  16:01  Hellion  
  112  16:02  Marine  
  112  16:03  Marine x6  
  121  16:06  Siege Tank  
  121  16:11  Hellion  
  126  16:16  Banshee  
  129  16:22  Hellion  
  131  16:32  Siege Tank  
  134  16:38  Siege Tank  
  134  16:42  Marine  
  134  16:43  Hellion, Marine x6  
  141  16:51  Viking x2  
  140  16:59  Banshee  
  140  17:00  Marine  
  140  17:01  Marine x6  
  141  17:04  Siege Tank  
  141  17:05  Hellion  
  144  17:11  Siege Tank  
  141  17:18  Marine  
  141  17:19  Marine  
  143  17:25  SCV  
  154  17:37  Starport  
  154  17:39  Starport  
  154  17:41  Starport  
Tags
 
Add a new tag
Caveats
  • Supply blocks, unpowered buildings, or Contaminate may cause inaccurate times.
  • Supply counts are checked every 10 seconds.